 Dungeon Crawl Stone Soup version 0.22-a0-618-gd6a3efe (webtiles) character file.

196 Hebeh the Magician (level 5, -2/28 HPs)
             Began as a Deep Elf Fire Elementalist on July 13, 2018.
             Hit by a tomahawk thrown by a wight (10 damage)
             ... on level 2 of the Dungeon.
             The game lasted 00:07:03 (2979 turns).

Hebeh the Magician (Deep Elf Fire Elementalist)     Turns: 2979, Time: 00:07:04

Health: -2/28      AC:  2    Str:  5    XL:     5   Next: 45%
Magic:  13/13      EV: 13    Int: 21    God:
Gold:   153        SH:  0    Dex: 15    Spells: 12/13 levels left

rFire    . . .     SeeInvis .   b - +0 hunting sling
rCold    . . .     Gourm    .   (no shield)
rNeg     . . .     Faith    .   e - +0 robe
rPois    .         Spirit   .   d - +0 hat
rElec    .         Reflect  .   (no cloak)
rCorr    .         Harm     .   (no gloves)
MR       .....                  (no boots)
Stlth    ++........             (no amulet)
HPRegen  0.09/turn              (no ring)
MPRegen  0.13/turn              (no ring)

@: no status effects
A: no striking features
a: no special abilities


You were on level 2 of the Dungeon.
You were not hungry.

You visited 1 branch of the dungeon, and saw 2 of its levels.

You collected 153 gold pieces.

Inventory:

Hand Weapons
 a - a +2 mace of holy wrath
 b - a +0 hunting sling (weapon)
 o - a +4 great sword
Missiles
 h - 81 stones
 k - 57 sling bullets (quivered)
 t - 17 arrows
Armour
 d - a +0 hat (worn)
 e - a +0 robe (worn)
Scrolls
 j - a scroll of teleportation {unknown}
 l - 2 scrolls of identify {unknown}
 m - 2 scrolls of enchant weapon {unknown}
 n - a scroll of remove curse {unknown}
 p - a scroll of blinking {unknown}
 s - a scroll of random uselessness {unknown}
Potions
 f - a potion of ambrosia {unknown}
 g - a potion of haste {unknown}
 i - a potion of brilliance {unknown}
 q - a potion of agility {unknown}
 u - a potion of invisibility {unknown}
Comestibles
 c - 8 rations
 r - a chunk of flesh


   Skills:
 - Level 2.4 Dodging
 - Level 2.4 Stealth
 + Level 4.6 Spellcasting
 * Level 4.2 Conjurations
 + Level 4.4 Fire Magic


You had 12 spell levels left.
You knew the following spells:

 Your Spells              Type           Power        Failure   Level  Hunger
a - Flame Tongue          Conj/Fire      ###..        1%          1    None

Your spell library contained the following spells:

 Spells                   Type           Power        Failure   Level  Hunger
 Fireball                 Conj/Fire      ###.......   45%         5    ######.
 Conjure Flame            Conj/Fire      ###.....     5%          3    ##.....
 Throw Flame              Conj/Fire      ###...       2%          2    #......
 Sticky Flame             Conj/Fire      ###.....     19%         4    ####...
 Inner Flame              Hex/Fire       ##......     14%         3    ##.....


Dungeon Overview and Level Annotations

Branches:
Dungeon (2/15)

Altars:


Message History

The wight throws a tomahawk.
The tomahawk misses you.
Firing (i - inventory. (/) - cycle)
k - 59 sling bullets (quivered)
Press: ? - help, Shift-Dir - straight line, f/p - wight
Aim: a wight, wielding an enchanted halberd and wearing a robe You shoot a sling bullet.
The sling bullet hits the wight but does no damage.
The wight throws a tomahawk.
The tomahawk completely misses you.
The wight throws a tomahawk.
The tomahawk hits you!
Firing (i - inventory. (/) - cycle)
k - 58 sling bullets (quivered)
Press: ? - help, Shift-Dir - straight line, f/p - wight
Aim: a wight, wielding an enchanted halberd and wearing a robe You shoot a sling bullet.
The sling bullet closely misses the wight.
The wight throws a tomahawk.
The tomahawk hits you!
* * * LOW HITPOINT WARNING * * *
You are too injured to fight recklessly!
The wight throws a tomahawk.
The tomahawk closely misses you.
You see here a tomahawk.
The wight throws a tomahawk.
The tomahawk hits you!
You die...

############# # #...........#
## # #...........# #. #
#...........# ######. #
#...........# #...... #
########)##.# #.###.. ##
#.##.# #.# #.. .#
##########.##.# #####.# #..
.# #.........@...# #.....#
#..
.######.............###(#####
##. .....##.........(.....z.#
#. ##.#.##.........(..######
#. ...#.#############......#
#. ...#.#.# ##########.# ##
.#.....# #...#....#.#
.....#.# #.#.#.##.#.#
######.### #.#......#.##


You could see a wight.

Vanquished Creatures
  2 wights (D:2)
  5 adders (D:2)
  An ooze (D:1)
  A worm (D:2)
  3 dart slugs (D:1)
  3 leopard geckos
  3 bats
  4 giant cockroaches
  7 goblins
  9 hobgoblins
  A quokka (D:2)
  A frilled lizard (D:2)
  7 kobolds
  4 rats
51 creatures vanquished.

Notes
Turn   | Place    | Note
-------+----------+-------------------------------------------
     0 | D:1      | Hebeh the Deep Elf Fire Elementalist began the quest for the Orb.
     0 | D:1      | Reached XP level 1. HP: 10/10 MP: 6/6
   206 | D:1      | Reached XP level 2. HP: 15/15 MP: 4/8
  1033 | D:1      | Reached XP level 3. HP: 19/19 MP: 8/10
  1811 | D:2      | Reached XP level 4. HP: 24/24 MP: 7/11
  2200 | D:2      | Reached XP level 5. HP: 11/28 MP: 3/13
  2979 | D:2      | Hit by a tomahawk thrown by a wight

Vault maps used:
D:1:      dpeg_arrival_rhombi, serial_bayou_pond_c
D:2:      first_ration, minmay_pentomino_v2

Skill      XL: |  1  2  3  4  5 |
---------------+----------------+-----
Conjurations   | 2 3 4 |  4.2
Fire Magic     | 4 |  4.4
Spellcasting   | 4 |  4.6
Dodging        | |  2.4
Stealth        | |  2.4

Action                   |  1- 3 |  4- 6 || total
-------------------------+-------+-------++-------
Melee: Mace              |     7 |       ||     7
 Fire: Hunting sling     |    23 |    45 ||    68
 Cast: Flame Tongue      |    41 |    44 ||    85
  Eat: Chunk             |     3 |     3 ||     6
Armor: Robe              |     8 |     1 ||     9
Dodge: Dodged            |    19 |    18 ||    37

Table legend:
 A = Spawn XP
 B = Non-spawn XP
 C = Spawn XP percentage of total XP
 D = Spawn monster count
 E = Non-spawn monster count
 F = Spawn count percentage of total count
 G = Total turns spent on level
                    A         B        C        D         E        F      G
               +---------+---------+-------+---------+---------+-------+---------
         Total |       0 |     280 |   0.0 |       0 |      51 |   0.0 |  2979
               +---------+---------+-------+---------+---------+-------+---------
           D:1 |       0 |      56 |   0.0 |       0 |      25 |   0.0 |  1879
           D:2 |       0 |     224 |   0.0 |       0 |      26 |   0.0 |  1100
               +---------+---------+-------+---------+---------+-------+---------
